 Dungeon Crawl Stone Soup version 0.20.1-1-g8b1a95d (webtiles) character file.

349 ZaListios the Skirmisher (level 6, -1/55 HPs)
             Began as a Hill Orc Fighter on Oct 29, 2017.
             Slain by a slave (7 damage)
             ... led by Pikel
             ... on level 4 of the Dungeon.
             The game lasted 00:24:13 (4630 turns).

ZaListios the Skirmisher (Hill Orc Fighter)         Turns: 4630, Time: 00:24:17

Health: -1/55      AC: 17    Str: 20    XL:     6   Next: 60%
Magic:  6/6        EV:  5    Int:  9    God:
Gold:   128        SH: 10    Dex: 10    Spells: 5/5 levels left

rFire    . . .     SeeInvis .   m - +0 mace (protect)
rCold    . . .     Gourm    .   c - +1 shield
rNeg     . . .     Faith    .   l - +0 chain mail
rPois    .         Spirit   .   k - +0 helmet
rElec    .         Reflect  .   (no cloak)
rCorr    .         Harm     .   (no gloves)
MR       .....                  (no boots)
Stlth    ..........             (no amulet)
Regen    0.2/turn               (no ring)
MPRegen  0.1/turn               (no ring)

@: protection aura
A: no striking features
a: no special abilities


You were on level 4 of the Dungeon.
You were hungry.

You visited 1 branch of the dungeon, and saw 4 of its levels.

You collected 128 gold pieces.

Inventory:

Hand Weapons
 a - a +0 war axe
 e - a +2 quarterstaff of chaos
 m - a +0 mace of protection (weapon)
Armour
 c - a +1 shield (worn)
 k - a +0 helmet (worn)
 l - a +0 chain mail (worn)
Jewellery
 g - an uncursed ring of poison resistance {unknown}
Scrolls
 b - 2 scrolls of teleportation
 i - a scroll of remove curse
 q - a scroll of magic mapping {unknown}
Potions
 d - a potion of might
 j - 2 potions of ambrosia
 o - a potion of mutation
Comestibles
 f - a bread ration
 h - 2 meat rations
 n - 2 fruits
 p - a royal jelly


   Skills:
 + Level 4.8 Fighting
 + Level 4.3(5.1) Axes
 * Level 3.3(4.1) Maces & Flails
 + Level 4.5 Armour
 - Level 0.1 Dodging
 + Level 4.5 Shields


You had 5 spell levels left.
You didn't know any spells.

Dungeon Overview and Level Annotations

Branches:
Dungeon (4/15)
 Temple: D:4-7

Altars:
Ashenzari

Annotations:
D:4 Pikel


Message History

Pikel burns you.
* * * LOW HITPOINT WARNING * * *
The slave hits you but does no damage.
Unknown command.
You hit the slave.
The slave is heavily wounded.
Pikel hits you but does no damage. You block the slave's attack.
Pikel hits you but does no damage.
You thump the slave!
The slave is severely wounded.
You block the slave's attack. You block Pikel's attack. The slave hits you.
* * * LOW HITPOINT WARNING * * *
You hit the slave.
The slave is almost dead.
Pikel hits you with a whip of flaming.
* * * LOW HITPOINT WARNING * * *
Pikel burns you.
* * * LOW HITPOINT WARNING * * *
The slave hits you!
You die...

....###################
......).p.p.pp..p....>#
#################.#####
########## #.#
#........# #.###
#(....)..###...#
#..........p##.#
#.........#p##.#
#.........#@Kpp#
#.........######
#######.#<.....#
###.######.# #......#
#.# #.##.#.###.#
#.##.#...#.#
#....###.#.# ######
#.#.#


You could see Pikel and 4 slaves.

Vanquished Creatures
  A bullfrog skeleton (D:4)
  Crazy Yiuf (D:2)
  4 worker ants (D:4)
  8 gnolls
  3 adders
  An ooze (D:3)
  2 worms
  5 dart slugs
  A leopard gecko (D:1)
  3 orcs (D:3)
  8 giant cockroaches
  5 goblins
  5 hobgoblins
  2 jackals (D:1)
  6 kobolds
  A ball python (D:1)
  12 bats
  8 frilled lizards
  4 rats
80 creatures vanquished.

Notes
Turn   | Place    | Note
-------+----------+-------------------------------------------
     0 | D:1      | ZaListios the Hill Orc Fighter began the quest for the Orb.
     0 | D:1      | Reached XP level 1. HP: 19/19 MP: 1/1
   250 | D:1      | Reached XP level 2. HP: 27/27 MP: 2/2
   762 | D:1      | Reached XP level 3. HP: 24/33 MP: 3/3
  1497 | D:2      | HP: 1/33 [gnoll/halberd (3)]
  1520 | D:1      | HP: 1/33 [adder (1)]
  1571 | D:1      | Reached XP level 4. HP: 6/40 MP: 4/4
  1874 | D:2      | Reached skill level 1 in Maces & Flails
  2271 | D:2      | Reached XP level 5. HP: 44/47 MP: 5/5
  2801 | D:2      | Found a runed door.
  2805 | D:2      | Noticed Crazy Yiuf
  2833 | D:2      | Killed Crazy Yiuf
  3519 | D:3      | Found a shattered altar of Ashenzari.
  3810 | D:3      | Reached XP level 6. HP: 18/53 MP: 6/6
  4561 | D:4      | Noticed Pikel
  4561 | D:4      | Noticed a slave
  4561 | D:4      | Noticed a slave
  4562 | D:4      | Noticed a slave
  4562 | D:4      | Noticed a slave
  4630 | D:4      | Slain by a slave

Skill      XL: |  1  2  3  4  5  6 |
---------------+-------------------+-----
Axes           | 3 4 |  4.3
Shields        | 4 |  4.5
Armour         | 4 |  4.5
Fighting       | 4 |  4.8
Maces & Flails | 1 2 3 |  3.3
Dodging        | |  0.1

Action                   |  1- 3 |  4- 6 || total
-------------------------+-------+-------++-------
Melee: War axe           |    71 |       ||    71
       Mace              |    55 |   317 ||   372
  Use: Scroll            |     5 |     2 ||     7
  Eat: Chunk             |     1 |     7 ||     8
       Royal jelly       |     1 |     1 ||     2
Armor: Scale mail        |    86 |       ||    86
       Chain mail        |    29 |   231 ||   260
Dodge: Dodged            |    70 |   103 ||   173
Block: Shield            |   136 |   268 ||   404
